 Dungeon Crawl Stone Soup version 0.24.0-37-gcf1ca852f1 (webtiles) character file.

Game seed: 9359845881279677352, levelgen mode: deterministic

133 Gremour the Skirmisher (level 4, -2/42 HPs)
             Began as a Draconian Monk on Dec 5, 2019.
             Slain by a centaur (7 damage)
             ... on level 3 of the Dungeon.
             The game lasted 00:07:24 (1635 turns).

Gremour the Skirmisher (Draconian Monk)             Turns: 1635, Time: 00:07:25

Health: -2/42      AC:  5    Str: 14    XL:     4   Next: 94%
Magic:  4/4        EV: 14    Int: 10    God:
Gold:   96         SH:  0    Dex: 14    Spells: 3/3 levels left

rFire    . . .     SeeInvis .   a - +0 falchion
rCold    . . .     Gourm    .   (no shield)
rNeg     . . .     Faith    .   (armour unavailable)
rPois    .         Spirit   .   (helmet restricted)
rElec    .         Reflect  .   (no cloak)
rCorr    .         Harm     .   (no gloves)
MR       .....                  (no boots)
Stlth    ++........             (no amulet)
HPRegen  0.14/turn              (no ring)
MPRegen  0.09/turn              (no ring)

@: no status effects
A: unfitting armour, cold-blooded, AC +5
a: no special abilities


You were on level 3 of the Dungeon.
You were hungry.

You visited 1 branch of the dungeon, and saw 3 of its levels.

You collected 96 gold pieces.

Inventory:

Hand Weapons
 a - a +0 falchion (weapon)
Scrolls
 d - 5 scrolls of identify {unknown}
 f - a scroll of enchant weapon {unknown}
 h - a scroll of remove curse {unknown}
 j - a scroll of blinking {unknown}
 l - a scroll of fog {unknown}
Potions
 c - a potion of heal wounds
 e - a potion of ambrosia {unknown}
 i - a potion of degeneration {unknown}
 k - a potion of agility {unknown}
Comestibles
 b - 5 rations
 g - 2 chunks of flesh


   Skills:
 * Level 5.3 Fighting
 - Level 3.0 Long Blades
 + Level 3.8 Dodging
 - Level 1.7 Stealth


You had 3 spell levels left.
You didn't know any spells.
Your spell library was empty.

Dungeon Overview and Level Annotations

Branches:
Dungeon (3/15)

Altars:

Annotations:
D:3 Terence


Innate Abilities, Weirdness & Mutations

Your plain brown scales are hard. (AC +5)
You cannot fit into any form of body armour.
You are cold-blooded and may be slowed by cold attacks.


Message History

The centaur is lightly wounded.
The centaur closely misses you. The centaur misses you.
You hit the centaur. You tail-slap the centaur.
The centaur is moderately wounded.
The centaur barely misses you. The centaur hits you.
You hit the centaur but do no damage.
The centaur is moderately wounded.
The centaur hits you.
You hit the centaur but do no damage.
The centaur is moderately wounded.
The centaur hits you.
* * * LOW HITPOINT WARNING * * *
The centaur completely misses you.
Some of the chunks of flesh in your inventory have rotted away.
You barely miss the centaur.
The centaur is moderately wounded.
The centaur hits you!
* * * LOW HITPOINT WARNING * * *
The centaur hits you!
You die...

......#####....g.
...†...####......
............##
.............# ##
........#..#.###
..#
........#.##...###
#.# ...
........#.####...#
#.# ###
.......##.# ###.#
#.# ......#...#
#@####.#
##......###
#c..##.# #.######
###.((.# ##### ###
####)##......
#.........
##.#...... #..
..... ###. .... ..
...


You could see a centaur.

Vanquished Creatures
  6 adders
  An ooze (D:3)
  2 worms
  2 dart slugs
  A leopard gecko (D:1)
  6 orcs (D:3)
  6 bats
  9 goblins
  5 hobgoblins
  4 jackals (D:1)
  3 frilled lizards
  7 kobolds
  5 rats
57 creatures vanquished.

Notes
Turn   | Place    | Note
-------+----------+-------------------------------------------
     0 | D:1      | Gremour the Draconian Monk began the quest for the Orb.
     0 | D:1      | Reached XP level 1. HP: 19/19 MP: 1/1
    42 | D:1      | Reached XP level 2. HP: 22/27 MP: 2/2
   295 | D:1      | Reached skill level 4 in Fighting
   623 | D:1      | Reached XP level 3. HP: 33/33 MP: 3/3
  1143 | D:2      | Reached XP level 4. HP: 40/41 MP: 4/4
  1315 | D:3      | Noticed Terence
  1412 | D:3      | Reached skill level 5 in Fighting
  1602 | D:3      | Noticed a centaur
  1635 | D:3      | Slain by a centaur

Levels and vault maps discovered:
D:1:      dpeg_arrival_long_road, layout_loops_ring, serial_bayou_pond_d,
          hex_tiny, minmay_misc_feat_x, minmay_pentomino_s2
D:2:      layout_loops_cross
D:3:      layout_rooms, uniq_terence

Skill      XL: |  1  2  3  4 |
---------------+-------------+-----
Dodging        | 3 |  3.8
Fighting       | 4 5 |  5.3
Long Blades    | |  3.0
Stealth        | |  1.7

Action                   |  1- 3 |  4- 6 || total
-------------------------+-------+-------++-------
Melee: Falchion          |    85 |    88 ||   173
       Tailslap          |    12 |    17 ||    29
  Use: Potion            |       |     2 ||     2
 Stab: Sleeping          |     6 |     2 ||     8
  Eat: Chunk             |     1 |     1 ||     2
Armor: Skin              |    20 |    18 ||    38
Dodge: Dodged            |    53 |    69 ||   122
       Rpst.: Falchion   |    18 |    19 ||    37
